 Dungeon Crawl Stone Soup version 0.29.0-4-gdea44cf6ec (webtiles) character file.

Game seed: 8229057214052650219

2335 qw the Grappler (level 9, -2/84 HPs)
             Began as a Troll Cinder Acolyte on Sept 3, 2022.
             Was an Elder of Ignis.
             Succumbed to a killer bee's poison
             ... on level 7 of the Dungeon.
             The game lasted 00:02:29 (4882 turns).

qw the Grappler (Troll Cinder Acolyte)              Turns: 4882, Time: 00:02:30

Health: -2/84      AC: 15    Str: 34    XL:     9   Next: 19%
Magic:  9/9        EV:  9    Int: 10    God:    Ignis [****..]
Gold:   58         SH:  5    Dex:  5    Spells: 10/10 levels left

rFire   + . .      SeeInvis .     - Unarmed
rCold   + . .      Faith    .   (no shield)
rNeg    + . .      Spirit   .   p - +2 robe {rC+}
rPois   .          Reflect  +   (helmet restricted)
rElec   .          Harm     .   c - +1 cloak
rCorr   .          Rampage  .   (gloves unavailable)
Will    .....                   (boots unavailable)
Stlth   +.........              d - amulet of reflection
HPRegen 1.04/turn               f - ring of positive energy
MPRegen 0.11/turn               o - +6 ring of strength

@: lethally poisoned (-2 -> -22), about to teleport, fiery-armoured
A: large, unfitting armour, claws 3, regeneration 1, shaggy fur 1, tough skin 1
a: Renounce Religion, Fiery Armour, Foxfire Swarm, Rising Flame


You were on level 7 of the Dungeon.
You worshipped Ignis.
Ignis was greatly pleased with you.
You visited 1 branch of the dungeon, and saw 7 of its levels.

You collected 416 gold pieces.
You spent 358 gold pieces at shops.


Innate Abilities, Weirdness & Mutations

You are too large for most types of armour.
You have claws for hands.
Your natural rate of healing is unusually fast.
You are covered in fur. (AC +1)
You have tough skin. (AC +1)


   Skills:
 - Level 4.0 Fighting
 + Level 3.6 Throwing
 - Level 1.9 Dodging
 - Level 11.0 Unarmed Combat
 - Level 1.0 Spellcasting
 - Level 2.1 Fire Magic


You had 10 spell levels left.
You didn't know any spells.
Your spell library contained the following spells:

 Spells                   Type           Power      Damage    Failure   Level
 Scorch                   Fire           8%         2d5       22%         2

Inventory:

Missiles
 r - 2 javelins
 s - 7 silver javelins
 t - 6 boomerangs
 u - 5 large rocks (quivered)
Armour
 c - a +1 cloak (worn)
 n - a +0 kite shield
 p - a +2 robe of cold resistance (worn)
Jewellery
 a - a ring of poison resistance
 d - an amulet of reflection (around neck)
 f - a ring of positive energy (left claw)
 o - a +6 ring of strength (right claw)
 q - a ring of fire
Scrolls
 l - 2 scrolls of identify
 v - a scroll of brand weapon
Potions
 e - a potion of ambrosia {unknown}
 g - 3 potions of curing
 h - a potion of might
 i - a potion of mutation
 j - 2 potions of resistance
 k - 2 potions of haste
 m - 3 potions of heal wounds

Dungeon Overview and Level Annotations

Branches:
Dungeon (7/15)             Temple (0/1) D:5

Altars:
Ashenzari
Hepliaklqana
Qazlal
Uskayaw
Xom

Shops:
D:4 !   D:6 (   D:7 ?


Message History

The killer bee stings you but does no damage.
The killer bee is burned by your cloak of flames.
The killer bee is heavily wounded.
You block the killer bee's attack. x2
The killer bee stings you but does no damage.
The killer bee is burned by your cloak of flames.
The killer bee is severely wounded.
The killer bee stings you but does no damage.
The killer bee is burned by your cloak of flames.
The killer bee is severely wounded.
The killer bee stings you but does no damage.
The killer bee is burned by your cloak of flames.
The killer bee is moderately wounded.
You barely miss the killer bee.
The killer bee is severely wounded.
You feel very sick.
The killer bee stings you but does no damage.
The killer bee is burned by your cloak of flames.
The killer bee is moderately wounded.
The killer bee barely misses you. The killer bee closely misses you.
The killer bee stings you!
The killer bee is burned by your cloak of flames.
The killer bee is almost dead.
The killer bee stings you but does no damage.
The killer bee is burned by your cloak of flames.
The killer bee is severely wounded.
The killer bee stings you.
The killer bee is burned by your cloak of flames.
The killer bee is severely wounded.
You block the killer bee's attack. The killer bee barely misses you.
The killer bee stings you.
You are more poisoned.
The killer bee poisons you!
The killer bee is burned by your cloak of flames.
You kill the killer bee!
The killer bee closely misses you.
4882 ||| READING scroll of teleportation.
As you read the scroll of teleportation, it crumbles to dust.
You feel strangely unstable.
You die...

...##..#......................
..###.####..................
#...... #...###.#.#........
##..... #....###.#....#.#...
##..............#.#<.#####.
##...............#..#
...............#..##
...#..##........... #
#...y@y...... #...yy%......
...............
..............#
..>.........### .#.........>#
##(..##...## #... ...#


You could see 4 killer bees.

Vanquished Creatures
  A hornet (D:7)
  A steam dragon (D:6)
  2 water moccasins
  An ice beast (D:5)
  A sky beast (D:5)
  2 ogres
  Blork the orc (D:6)
  2 bullfrogs (D:7)
  A gnoll sergeant (D:7)
  4 scorpions
  A wight (D:6)
  A killer bee (D:7)
  A howler monkey (D:4)
  4 crimson imps (D:5)
  A hound (D:7)
  3 jellies
  2 gnoll boudas
  2 orc priests
  2 iguanas
  4 orc wizards
  13 gnolls
  5 adders
  A shadow imp (D:6)
  A white imp (D:6)
  2 ufetubi
  3 dart slugs
  18 orcs
  A bat (D:1)
  8 endoplasms
  3 giant cockroaches
  14 goblins
  5 hobgoblins
  3 jackals (D:1)
  8 kobolds
  2 quokkas
  6 ball pythons
  A frilled lizard (D:3)
  5 rats
136 creatures vanquished.

Notes
Turn   | Place    | Note
-------+----------+-------------------------------------------
     0 | D:1      | qw the Troll Cinder Acolyte began the quest for the Orb.
     0 | D:1      | Reached XP level 1. HP: 22/22 MP: 1/1
     0 | D:1      | 0 ||| qw: Version: 0.1-a-102-g441f92d
     0 | D:1      | 0 ||| qw: Game counter: 5140
     0 | D:1      | 0 ||| qw: Always use a shield: true
     0 | D:1      | 0 ||| qw: God list: Okawaru
     0 | D:1      | 0 ||| qw: Allow faded altars: false
     0 | D:1      | 0 ||| qw: Do Orc after D:15 true
     0 | D:1      | 0 ||| qw: Do second Lair branch before Depths: true
     0 | D:1      | 0 ||| qw: Lair rune preference: random
     0 | D:1      | 0 ||| qw: Plans: Normal
     0 | D:1      | 0 ||| PLANNING D:1-11
    11 | D:1      | 11 ||| Stepping ~*~*~tactically~*~*~ (stealth).
    13 | D:1      | 13 ||| Stepping ~*~*~tactically~*~*~ (stealth).
    15 | D:1      | 15 ||| Stepping ~*~*~tactically~*~*~ (outnumbered).
   116 | D:1      | Reached XP level 2. HP: 29/29 MP: 2/2
   444 | D:1      | 444 ||| UPGRADING to amulet of reflection.
   449 | D:1      | 449 ||| UPGRADING to ring of positive energy.
   450 | D:1      | 450 ||| READING scroll labelled DOATTOEWUFA.
   451 | D:1      | 451 ||| DRINKING 2 golden potions.
   500 | D:1      | 500 ||| DROPPING potion of lignification.
   560 | D:2      | Reached skill level 4 in Unarmed Combat
   736 | D:2      | 736 ||| Stepping ~*~*~tactically~*~*~ (stealth).
   738 | D:2      | 738 ||| Stepping ~*~*~tactically~*~*~ (stealth).
   780 | D:2      | Reached XP level 3. HP: 33/36 MP: 3/3
  1110 | D:2      | 1110 ||| READING scroll labelled IXEP IRRASEFA.
  1111 | D:2      | 1111 ||| READING scroll labelled ERIGUREGYA.
  1116 | D:2      | 1116 ||| READING 2 scrolls labelled LOEZIR FAFUVE.
  1117 | D:2      | 1117 ||| READING scroll labelled XAUTYH QAISTOA.
  1137 | D:3      | 1137 ||| STAIRDANCE
  1139 | D:2      | 1139 ||| Stepping ~*~*~tactically~*~*~ (outnumbered).
  1162 | D:3      | 1162 ||| STAIRDANCE
  1189 | D:3      | 1189 ||| Stepping ~*~*~tactically~*~*~ (hiding).
  1191 | D:3      | Reached skill level 1 in Throwing
  1191 | D:3      | 1191 ||| Stepping ~*~*~tactically~*~*~ (hiding).
  1195 | D:3      | 1195 ||| INVOKING Fiery Armour.
  1204 | D:3      | Reached XP level 4. HP: 34/44 MP: 4/4
  1205 | D:3      | Reached skill level 5 in Unarmed Combat
  1446 | D:3      | 1446 ||| Stepping ~*~*~tactically~*~*~ (hiding).
  1452 | D:3      | 1452 ||| Stepping ~*~*~tactically~*~*~ (stealth).
  1524 | D:3      | 1524 ||| Stepping ~*~*~tactically~*~*~ (stealth).
  1611 | D:3      | Reached XP level 5. HP: 50/50 MP: 5/5
  1670 | D:3      | You fall into a shaft and drop 3 floors!
  1683 | D:6      | Found Hodditel's Weapon Shoppe.
  1684 | D:6      | 1684 ||| READING scroll labelled KAATWO XABBOGU.
  1685 | D:6      | 1685 ||| READING scroll labelled JUCHEBROMP.
  1686 | D:6      | 1686 ||| DRINKING 2 bubbling green potions.
  1687 | D:6      | 1687 ||| DRINKING 2 coppery potions.
  1688 | D:6      | 1688 ||| READING 3 scrolls of identify.
  1688 | D:6      | 1688 ||| IDENTIFYING fuming pink potion
  1689 | D:6      | 1689 ||| READING 2 scrolls of identify.
  1689 | D:6      | 1689 ||| IDENTIFYING amethyst potion
  1690 | D:6      | 1690 ||| DROPPING potion of degeneration.
  1697 | D:5      | Entered Level 5 of the Dungeon
  1715 | D:5      | Reached skill level 6 in Unarmed Combat
  1723 | D:4      | 1723 ||| INVOKING Fiery Armour.
  1727 | D:4      | 1727 ||| Stepping ~*~*~tactically~*~*~ (outnumbered).
  1728 | D:4      | 1728 ||| Stepping ~*~*~tactically~*~*~ (outnumbered).
  1731 | D:4      | 1731 ||| Stepping ~*~*~tactically~*~*~ (outnumbered).
  1733 | D:4      | 1733 ||| Stepping ~*~*~tactically~*~*~ (outnumbered).
  1734 | D:4      | 1734 ||| Stepping ~*~*~tactically~*~*~ (outnumbered).
  1735 | D:4      | 1735 ||| Stepping ~*~*~tactically~*~*~ (outnumbered).
  1736 | D:4      | 1736 ||| Stepping ~*~*~tactically~*~*~ (outnumbered).
  1737 | D:4      | 1737 ||| Stepping ~*~*~tactically~*~*~ (outnumbered).
  1738 | D:4      | 1738 ||| Stepping ~*~*~tactically~*~*~ (outnumbered).
  1739 | D:4      | 1739 ||| Stepping ~*~*~tactically~*~*~ (outnumbered).
  1743 | D:4      | Reached XP level 6. HP: 21/59 MP: 6/6
  1906 | D:4      | Found Tog Sot's Distillery.
  1914 | D:4      | 1914 ||| Stepping ~*~*~tactically~*~*~ (stealth).
  1922 | D:4      | Reached skill level 7 in Unarmed Combat
  1932 | D:4      | 1932 ||| BUYING potion of curing (36 gold).
  1932 | D:4      | Bought a potion of curing for 36 gold pieces
  1932 | D:4      | 1932 ||| BUYING potion of curing (36 gold).
  1932 | D:4      | Bought a potion of curing for 36 gold pieces
  1932 | D:4      | 1932 ||| BUYING potion of might (48 gold).
  1932 | D:4      | Bought a potion of might for 48 gold pieces
  1932 | D:4      | 1932 ||| SHOPLISTING potion of might (48 gold, have 45).
  1932 | D:4      | 1932 ||| SHOPLISTING potion of mutation (96 gold, have 45).
  1947 | D:4      | 1947 ||| READING scroll labelled ARISOG JITSI.
  1948 | D:4      | 1948 ||| READING 2 scrolls of identify.
  1948 | D:4      | 1948 ||| IDENTIFYING black potion
  1949 | D:4      | 1949 ||| DROPPING potion of flight.
  2440 | D:3      | Found a broken altar of Ashenzari.
  2446 | D:3      | Found a hide-covered altar of Uskayaw.
  2447 | D:3      | 2447 ||| READING scroll of teleportation.
  2784 | D:4      | 2784 ||| Stepping ~*~*~tactically~*~*~ (stealth).
  2878 | D:4      | 2878 ||| UPGRADING to +0 cloak.
  2883 | D:4      | 2883 ||| DRINKING 3 metallic green potions.
  2884 | D:4      | 2884 ||| READING 2 scrolls of identify.
  2884 | D:4      | 2884 ||| IDENTIFYING blue potion
  2885 | D:4      | 2885 ||| DROPPING potion of brilliance.
  2957 | D:5      | Found a shimmering altar of Xom.
  2987 | D:5      | 2987 ||| Stepping ~*~*~tactically~*~*~ (hiding).
  2990 | D:5      | 2990 ||| Stepping ~*~*~tactically~*~*~ (hiding).
  2997 | D:5      | Reached skill level 8 in Unarmed Combat
  2997 | D:5      | Reached XP level 7. HP: 66/66 MP: 7/7
  3126 | D:5      | Found a staircase to the Ecumenical Temple.
  3132 | D:5      | Reached skill level 3 in Fighting
  3168 | D:5      | 3168 ||| Stepping ~*~*~tactically~*~*~ (stealth).
  3267 | D:5      | Reached skill level 9 in Unarmed Combat
  3342 | D:5      | 3342 ||| Stepping ~*~*~tactically~*~*~ (hiding).
  3350 | D:5      | Reached XP level 8. HP: 75/75 MP: 8/8
  3656 | D:5      | Found a stormy altar of Qazlal.
  3684 | D:5      | Reached skill level 1 in Dodging
  3708 | D:5      | 3708 ||| DROPPING amulet of the acrobat.
  3709 | D:5      | 3709 ||| UPGRADING to +6 ring of strength.
  3710 | D:5      | 3710 ||| READING scroll labelled HASOTHR NE ATZ.
  3825 | D:6      | 3825 ||| Stepping ~*~*~tactically~*~*~ (outnumbered).
  3826 | D:6      | 3826 ||| Stepping ~*~*~tactically~*~*~ (outnumbered).
  3827 | D:6      | 3827 ||| Stepping ~*~*~tactically~*~*~ (outnumbered).
  3828 | D:6      | 3828 ||| Stepping ~*~*~tactically~*~*~ (outnumbered).
  3829 | D:6      | 3829 ||| Stepping ~*~*~tactically~*~*~ (outnumbered).
  3834 | D:6      | 3834 ||| INVOKING Fiery Armour.
  3982 | D:6      | 3982 ||| Stepping ~*~*~tactically~*~*~ (hiding).
  4281 | D:6      | Noticed Blork the orc
  4289 | D:6      | Killed Blork the orc
  4290 | D:6      | Reached skill level 10 in Unarmed Combat
  4395 | D:6      | Found a hazy altar of Hepliaklqana.
  4444 | D:6      | 4444 ||| INVOKING Fiery Armour.
  4451 | D:6      | 4451 ||| Stepping ~*~*~tactically~*~*~ (outnumbered).
  4457 | D:6      | Reached skill level 3 in Throwing
  4521 | D:6      | 4521 ||| UPGRADING to +2 robe of cold resistance.
  4531 | D:6      | 4531 ||| DROPPING +0 robe.
  4532 | D:6      | 4532 ||| READING scroll labelled NEOCYTH IGHA.
  4533 | D:6      | 4533 ||| READING 3 scrolls of identify.
  4533 | D:6      | 4533 ||| IDENTIFYING fizzy sapphire potion
  4534 | D:6      | 4534 ||| DROPPING potion of attraction.
  4607 | D:7      | 4607 ||| Stepping ~*~*~tactically~*~*~ (hiding).
  4608 | D:7      | 4608 ||| Stepping ~*~*~tactically~*~*~ (hiding).
  4614 | D:7      | 4614 ||| Stepping ~*~*~tactically~*~*~ (stealth).
  4616 | D:7      | 4616 ||| Stepping ~*~*~tactically~*~*~ (stealth).
  4664 | D:7      | 4664 ||| Stepping ~*~*~tactically~*~*~ (hiding).
  4666 | D:7      | 4666 ||| Stepping ~*~*~tactically~*~*~ (hiding).
  4670 | D:7      | 4670 ||| Stepping ~*~*~tactically~*~*~ (hiding).
  4684 | D:7      | Reached XP level 9. HP: 79/84 MP: 9/9
  4783 | D:7      | Found Pygoh's Magic Scroll Emporium.
  4798 | D:7      | 4798 ||| BUYING scroll of brand weapon (133 gold).
  4798 | D:7      | Bought a scroll of brand weapon for 133 gold pieces
  4798 | D:7      | 4798 ||| BUYING scroll of enchant armour (105 gold).
  4798 | D:7      | Bought a scroll of enchant armour for 105 gold pieces
  4798 | D:7      | 4798 ||| SHOPLISTING scroll of enchant weapon (105 gold,
                  | have 41).
  4798 | D:7      | 4798 ||| READING scroll of enchant armour.
  4798 | D:7      | 4798 ||| ENCHANTING +0 cloak.
  4876 | D:7      | Reached skill level 11 in Unarmed Combat
  4880 | D:7      | 4880 ||| INVOKING Fiery Armour.
  4881 | D:7      | HP: 18/84 [poisoned by a killer bee]
  4881 | D:7      | HP: 5/84 [killer bee (6)]
  4882 | D:7      | 4882 ||| READING scroll of teleportation.
  4882 | D:7      | Succumbed to a killer bee's poison

Levels and vault maps discovered:
D:1:      dpeg_arrival_line_fractal, layout_rooms
D:2:      layout_loops_ring
D:3:      layout_basic, minitemple, minmay_crystal_water
D:4:      layout_loops_ring, serial_shops, nicolae_shop_waterfront
D:5:      layout_basic, mainiacjoe_overflow_six_doors_small, led_xom_imps,
          minmay_temple_entry_crystal_x, minmay_misc_feat_tower,
          hangedman_decor_riveting, hangedman_abyss_or_decor_passed
D:6:      kb_forest_paths, layout_cave_pools, nicolae_hepliaklqana_hippocampus,
          serial_shops, shop, minmay_ogre_servants, uniq_blork_the_orc
D:7:      layout_cave_pools, serial_shops, shop,
          eino_small_chamber_without_monster, minmay_misc_feat_iff

Skill      XL: |  1  2  3  4  5  6  7  8  9 |
---------------+----------------------------+-----
Unarmed Combat | 4 5 6 8 9 10 11 | 11.0
Throwing       | 1 3 |  3.6
Fighting       | 3 4 |  4.0
Dodging        | 1 |  1.9
Spellcasting   | |  1.0
Fire Magic     | |  2.1

Action                   |  1- 3 |  4- 6 |  7- 9 || total
-------------------------+-------+-------+-------++-------
Melee: Unarmed           |    93 |   101 |   135 ||   329
       Punch             |       |     1 |     5 ||     6
Throw: Javelin           |     4 |    10 |     5 ||    19
       Large rock        |       |       |     7 ||     7
Invok: Fiery Armour      |     1 |     1 |     3 ||     5
  Use: Scroll            |     5 |     8 |     5 ||    18
       Potion            |     1 |     3 |       ||     4
Armor: Robe              |    35 |    25 |    42 ||   102
Dodge: Dodged            |    29 |    40 |    57 ||   126
Block: Other             |    13 |    29 |    30 ||    72
       Reflection        |       |     1 |       ||     1

Table legend:
 A = Non-vault XP
 B = Vault XP
 C = Vault XP percentage of total XP
 D = Non-vault monster count
 E = Vault monster count
 F = Vault count percentage of total count
                 A         B        C        D         E       F
            +---------+---------+-------+---------+---------+-------
      Total |    2553 |     784 |  23.5 |     116 |      20 |  14.7
            +---------+---------+-------+---------+---------+-------
        D:1 |      25 |       0 |   0.0 |      15 |       0 |   0.0
        D:2 |      38 |       0 |   0.0 |      19 |       0 |   0.0
        D:3 |     162 |       0 |   0.0 |      21 |       0 |   0.0
        D:4 |     327 |       0 |   0.0 |      23 |       0 |   0.0
        D:5 |     812 |     194 |  19.3 |       9 |       4 |  30.8
        D:6 |     351 |     590 |  62.7 |      14 |      16 |  53.3
        D:7 |     838 |       0 |   0.0 |      15 |       0 |   0.0
            +---------+---------+-------+---------+---------+-------
